 Dungeon Crawl Stone Soup version 0.31-a0-102-g33a4ccc0cb (webtiles) character file.

Game seed: 9017623542133725391

39 Esekla the Sneak (level 3, 26/26 HPs)
             Began as an Octopode Delver on May 26, 2023.
             Quit the game on level 5 of the Dungeon.
             The game lasted 00:01:07 (133 turns).

Esekla the Sneak (Octopode Delver)                   Turns: 133, Time: 00:01:07

Health: 26/26      AC:  1    Str: 11    XL:     3   Next: 45%
Magic:  4/4        EV: 13    Int: 14    God:
Gold:   30         SH:  0    Dex: 13    Spells: 3/3 levels left

rFire   . . .        a - +0 falchion
rCold   . . .        (no shield)
rNeg    . . .        (helmet restricted)
rPois   .            (no amulet)
rElec   .            (no ring)
rCorr   .            (no ring)
SInv    .            (no ring)
Will    .....        (no ring)
Stlth   ++++         (no ring)
HPRegen 0.24/turn    (no ring)
MPRegen 0.09/turn    (no ring)
                     (no ring)

%: no passive effects
@: no status effects
A: almost no armour, amphibious, 8 rings, camouflage 1, gelatinous body 1,
(nimble swimmer 1), tentacles
a: no special abilities


You were on level 5 of the Dungeon.
You visited 1 branch of the dungeon, and saw 1 of its levels.

You collected 30 gold pieces.

Inventory:

Hand Weapons
 a - a +0 falchion (weapon)
Missiles
 g - 8 poisoned darts (quivered)
Wands
 f - a wand of digging (3)
Scrolls
 b - a scroll of fog
 c - a scroll of blinking {unknown}
 d - a scroll of fear
 h - a scroll of brand weapon {unknown}
Potions
 e - a potion of haste


   Skills:
 * Level 3.2 Fighting
 * Level 2.2 Long Blades
 * Level 2.2 Dodging
 + Level 7.3 Stealth
 * Level 0.7 Spellcasting


You had 3 spell levels left.
You didn't know any spells.
Your spell library contained the following spells:

 Spells                   Type           Power      Damage    Failure   Level
 Slow                     Hex            0%         N/A       26%         1
 Confusing Touch          Hex            0%         N/A       63%         3
 Vampiric Draining        Necr           0%         2d6       63%         3


Dungeon Overview and Level Annotations

Branches:
Dungeon (5/15)
 Temple: D:4-7

Altars:
Makhleb


Innate Abilities, Weirdness & Mutations

You cannot wear most types of armour.
You are amphibious.
You can wear up to eight rings at the same time.
Your skin changes colour to match your surroundings (Stealth+).
Your rubbery body absorbs attacks. (AC +1, EV +1)
((You are camouflaged when in or above water. (Stealth+)))
You have tentacles for arms and can constrict up to eight enemies at once.


Message History

You hear the slow rusting of a very distant drain.
Found a leather armour.
Found a scroll labelled HIOHIM AFADDAF.
An adder comes into view.
Found an escape hatch in the floor.
A hound comes into view.
You see here a scroll labelled HIOHIM AFADDAF.
c - a scroll labelled HIOHIM AFADDAF The adder hisses angrily.
The hound barks!
You slash the adder! Your grab misses the adder. You squeeze the adder.
You kill the adder!
You have reached level 2!
You closely miss the hound. Your grab misses the hound. You squeeze the hound!
The hound is severely wounded.
The hound misses you. The hound barely misses you.
You hit the hound. You grab the hound.
The hound is almost dead.
You constrict the hound. The hound misses you.
You hit the hound.
The hound is almost dead.
You constrict the hound.
You kill the hound!
Your Stealth skill increases to level 7!
You have reached level 3!
Your experience leads to an increase in your attributes!
Increase (S)trength, (I)ntelligence, or (D)exterity?
You feel clever. x2
You see here an adder corpse.
Found a stone staircase leading down.
You hear the slow rusting of a very distant drain.
Found a leather armour.
Found 4 poisoned darts.
Found a scroll labelled VOMAUB AMUCEU.
g - 8 poisoned darts (gained 4)
Found a whip.
Found a burning altar of Makhleb.
Found a book of Debilitation.
h - a scroll labelled VOMAUB AMUCEU You pick up a book of Debilitation and begin reading...
You add the spells Slow, Vampiric Draining and Confusing Touch to your library.
Are you sure you want to abandon this character and quit the game? (Confirm with "yes".)

######........###########...
#..............# #...
#..............# #...
#............_.# #...
#..............# **#...
#####.........##*******,....
#.........#,,,,,,,,,....
#.........#,,,,,,,,,...#
#......@..#,,,,,,,,,...*
#.........#,,,,,,,,,..,*
#............,,,,,,**###
*****#..............,,,,* #..
*,,,..............##******#s.
*,,,...#######......,,,,,,...
*,,,,..*******......,,,,,,...
******,*,,,,,,..#...,,****###
*,*,,,,,,,,*,,,,**,,,,,,


There were no monsters in sight!

Vanquished Creatures
  A hound (D:5)
  An adder (D:5)
2 creatures vanquished.

Notes
Turn   | Place    | Note
-------+----------+-------------------------------------------
     0 | D:5      | Esekla the Octopode Delver began the quest for the Orb.
     0 | D:5      | Reached XP level 1. HP: 16/16 MP: 1/1
    37 | D:5      | Noticed a scorpion
    62 | D:5      | Noticed a hound
    72 | D:5      | Reached XP level 2. HP: 21/21 MP: 2/2
    76 | D:5      | Reached skill level 7 in Stealth
    76 | D:5      | Reached XP level 3. HP: 26/26 MP: 2/4
   121 | D:5      | Found a burning altar of Makhleb.
   133 | D:5      | Quit the game

Illustrated notes

Levels and vault maps discovered:
D:5:      layout_basic, bloody_makhleb, portal_sewer_entry_e,
          ebering_ghost_rock_garden

Skill      XL: |  1  2 |
---------------+-------+-----
Stealth        | 7 |  7.3
Fighting       | |  3.2
Long Blades    | |  2.2
Dodging        | |  2.2
Spellcasting   | |  0.7

Action                     || total
---------------------------++-------
  Melee: Falchion          ||     4
         Tentacles         ||     2
         Constrict         ||     1
    Use: Scroll            ||     1
  Dodge: Dodged            ||     3

Table legend: (Time is in decaauts)
 A = Elapsed time spent in this place.
 B = Non-inter-level travel time spent in this place.
 C = Inter-level travel time spent in this place.
 D = Time resting spent in this place.
 E = Time spent auto-exploring this place.
 F = Levels seen in this place.
 G = Mean time per level.
                   A        B        C        D        E       F      G
               +--------+--------+--------+--------+--------+-----+--------+
         Total |    133 |    133 |      0 |      0 |      0 |   1 |  133.0 |
       Dungeon |    133 |    133 |      0 |      0 |      0 |   1 |  133.0 |
               +--------+--------+--------+--------+--------+-----+--------+

Top non-repeatable levels by time:
     D:5: 133 daAuts
